Map: Port Aleksander LE

Players

Serral - Winner!

  • Race: Terran Terran
  • League: Master
  • Spawn Location: 11:00

Saint

  • Race: Zerg Zerg
  • League: Master
  • Spawn Location: 5:00

VOD

Have the link to the VOD?

Description

Time

  • Played on: Dec. 4, 2018, 12:48 p.m.
  • Length: 5:10
Show
View Real Time Build Order
Export as new Build Order

Serral Terran - Winner!

Build Orders: Liberator Opening, Reaper Expand 

Get SALT Encoding   

  12  0:00  SCV  
  13  0:12  SCV  
  14  0:17  Supply Depot  
  14  0:24  SCV  
  15  0:39  SCV  
  15  0:41  Barracks  
  16  0:44  Refinery  
  16  0:51  SCV  
  17  1:03  SCV  
  18  1:15  SCV  
  19  1:28  Reaper, Orbital Command  
  20  1:40  Command Center  
  20  1:53  SCV  
  21  1:56  Supply Depot  
  21  1:59  Marine  
  22  2:02  Refinery  
  22  2:05  SCV  
  23  2:12  Factory  
  23  2:17  SCV  
  23  2:21  Barracks Reactor  
  24  2:34  SCV  
  24  2:46  SCV  
  25  2:56  Starport  
  25  3:01  SCV  
  25  3:03  Barracks Tech Lab  
  25  3:05  Hellion  
  28  3:06  Hellion  
  30  3:13  SCV  
  30  3:17  Orbital Command  
  31  3:24  Liberator  
  31  3:25  SCV  
  32  3:30  Hellion  
  32  3:31  Hellion  
  36  3:37  SCV  
  37  3:44  SCV  
  41  3:49  Supply Depot  
  41  3:50  SCV  
  42  3:57  Marauder, Concussive Shells  
  44  4:03  SCV x2  
  44  4:07  Bunker  
  46  4:11  Factory Tech Lab, Supply Depot  
  46  4:16  SCV  
  47  4:17  SCV  
  47  4:19  Marauder  
  50  4:30  SCV x2  
  51  4:42  SCV, Marauder  
  51  4:45  SCV  
  53  4:54  SCV  
  53  4:57  SCV  
  55  5:06  Command Center  
Show
View Real Time Build Order
Export as new Build Order

Saint Zerg 

Build Orders: Pool First 

Get SALT Encoding   

  12  0:01  Drone  
  13  0:13  Overlord  
  13  0:20  Drone  
  14  0:31  Drone x2  
  16  0:43  Spawning Pool  
  16  0:47  Drone  
  16  0:52  Drone  
  17  0:59  Drone, Extractor  
  17  1:21  Hatchery  
  16  1:30  Zergling x4  
  16  1:32  Zergling x2  
  19  1:45  Queen  
  21  1:53  Overlord  
  21  2:11  Drone  
  21  2:12  Drone  
  23  2:39  Roach Warren  
  19  2:55  Overlord  
  19  3:19  Roach x9  
  36  3:49  Zergling x8  
  40  4:00  Roach  
  40  4:01  Roach  
  44  4:06  Overlord  
  44  4:12  Extractor  
  44  4:16  Roach, Extractor  
  44  4:23  Overlord  
  46  4:26  Roach  
  46  4:28  Roach  
  46  4:40  Roach  
  46  4:41  Roach  
Tags
 
Add a new tag
Caveats
  • Supply blocks, unpowered buildings, or Contaminate may cause inaccurate times.
  • Supply counts are checked every 10 seconds.